 Dungeon Crawl Stone Soup version 0.31-a0-1522-g43313d8a59 (webtiles) character file.

Game seed: 13857936334418701607

91 wildpjah the Covered (level 4, -1/39 (40) HPs)
             Began as a Minotaur Fighter on Dec 30, 2023.
             Slain by an ogre
             ... wielding a +0 giant club
              (16 damage)
             ... on level 3 of the Dungeon.
             The game lasted 00:01:48 (1412 turns).

wildpjah the Covered (Minotaur Fighter)             Turns: 1412, Time: 00:01:49

HP:   -1/39 (40)    AC:  8    Str: 22    XL:     4   Next: 34%
MP:   3/3           EV:  9    Int:  5    God:
Gold: 124           SH:  4    Dex: 10    Spells: 3/3 levels left

rFire   . . .        a - +0 war axe
rCold   . . .        c - +0 buckler
rNeg    . . .        b - +0 scale mail
rPois   .            (helmet restricted)
rElec   .            (no cloak)
rCorr   .            e - +0 pair of gloves
SInv    .            (no boots)
Will    .....        (no amulet) Stlth
                     (no ring)
HPRegen 0.26/turn    (no ring)
MPRegen 0.08/turn

%: no passive effects
@: lethally poisoned (-1 -> -7), lightly drained
A: horns 2, retaliatory headbutt
a: no special abilities


You were on level 3 of the Dungeon.
You visited 1 branch of the dungeon, and saw 3 of its levels.

You collected 124 gold pieces.

Inventory:

Hand Weapons
 a - a +0 war axe (weapon)
Missiles
 j - 2 javelins
Armour
 b - a +0 scale mail (worn)
 c - a +0 buckler (worn)
 e - a +0 pair of gloves (worn)
Scrolls
 f - 3 scrolls of poison {unknown}
 g - a scroll of vulnerability {unknown}
 h - a scroll of fear {unknown}
 i - a scroll of enchant weapon {unknown}
 l - a scroll of immolation {unknown}
 m - a scroll of identify {unknown}
 n - a scroll of noise {unknown}
Potions
 d - a potion of might
 k - 3 potions of mutation {unknown}
 o - 2 potions of brilliance {unknown}
 p - a potion of lignification {unknown}


   Skills:
 + Level 4.2 Fighting
 + Level 3.8 Axes
 + Level 4.5 Armour
 + Level 0.2 Dodging
 + Level 4.1 Shields


You had 3 spell levels left.
You didn't know any spells.
Your spell library contained the following spells:

 Spells                   Type           Power      Damage    Failure   Level
 Foxfire                  Conj/Fire      0%         2x1d4     86%         1
 Call Imp                 Summ           0%         N/A       94%         2
 Sublimation of Blood     Necr           0%         N/A       94%         2
 Hailstorm                Conj/Ice       0%         3d5       99%         3
 Summon Ice Beast         Ice/Summ       0%         N/A       99%         3
 Plasma Beam              Fire/Air       0%         2x1d10    100%        6
 Sculpt Simulacrum        Ice/Alch       0%         N/A       100%        6
 Starburst                Conj/Fire      0%         6d3       100%        6
 Haunt                    Necr/Summ      0%         N/A       100%        7
 Summon Hydra             Summ           0%         N/A       100%        7
 Borgnjor's Revivificati  Necr           0%         N/A       100%        8
 Death's Door             Necr           0%         N/A       100%        9


Dungeon Overview and Level Annotations

Branches:
Dungeon (3/15)

Altars:
Ashenzari
Cheibriados
Dithmenos
Okawaru
Qazlal
Yredelemnul


Innate Abilities, Weirdness & Mutations

You have a pair of horns on your head.
You reflexively headbutt those who attack you in melee.


Message History

No target in view!
No target in view!
There is an open door here.
You open the door.
A hobgoblin, 2 orcs, an ogre and an adder come into view.
The orc shouts!
The hobgoblin shouts!
The orc shouts!
The ogre shouts!
The adder hisses angrily.
You hear an angry hiss.
You block the hobgoblin's attack. The orc completely misses you.
There is an open door here.
You slash the orc!
You kill the orc!
You hit the hobgoblin but do no damage. The hobgoblin closely misses you.
You hit the adder.
The adder is moderately wounded.
You slash the hobgoblin!
You kill the hobgoblin!
The adder bites you but does no damage. x2
You closely miss the ogre. You headbutt the ogre.
The ogre is lightly wounded.
You closely miss the adder. The adder bites you but does no damage.
The ogre completely misses you.
An adder comes into view.
The adder closely misses you.
The adder hisses angrily.
You slash the ogre! You headbutt the ogre.
The ogre is heavily wounded.
You closely miss the adder.
The ogre hits you with a +0 giant club!!
Ouch! That really hurt!
The adder closely misses you. You furiously retaliate!
You headbutt the adder! You hit the ogre. Your headbutt misses the ogre.
The ogre is almost dead.
You miss the adder. You block the adder's attack.
The ogre hits you with a +0 giant club. The adder completely misses you.
You hit the ogre. Your headbutt misses the ogre.
The ogre is almost dead.
You closely miss the adder. The adder bites you.
You are poisoned.
The adder poisons you! The ogre hits you with a +0 giant club!
You die...

####........#
#####....########
#.....####
#.#####
#####'#####
#.........#
#.8..8..8.#
#.........#
##+##@##+##
#.S#OS# #..o #.#
#...# #.. #..#
.## #+# #


You could see an ogre, 2 adders and an orc.

Vanquished Creatures
  2 adders (D:2)
  3 dart slugs (D:1)
  2 ribbon worms (D:2)
  An orc (D:3)
  9 ball pythons
  5 bats
  5 endoplasms
  2 giant cockroaches (D:1)
  5 goblins
  5 hobgoblins
  3 quokkas
  3 frilled lizards
  9 kobolds
  4 rats
58 creatures vanquished.

Notes
Turn   | Place    | Note
-------+----------+-------------------------------------------
     0 | D:1      | wildpjah the Minotaur Fighter began the quest for the Orb.
     0 | D:1      | Reached XP level 1. HP: 19/19 MP: 0/0
    96 | D:1      | Reached XP level 2. HP: 27/27 MP: 1/1
   331 | D:1      | Reached XP level 3. HP: 33/33 MP: 2/2
   670 | D:2      | Reached XP level 4. HP: 39/39 MP: 3/3
  1067 | D:3      | Found a basalt altar of Yredelemnul.
  1067 | D:3      | Found an iron altar of Okawaru.
  1067 | D:3      | Found a broken altar of Ashenzari.
  1067 | D:3      | Found a shadowy altar of Dithmenos.
  1073 | D:3      | Found a stormy altar of Qazlal.
  1076 | D:3      | Found a snail-covered altar of Cheibriados.
  1405 | D:3      | Noticed an ogre
  1412 | D:3      | Slain by an ogre

Illustrated notes

Levels and vault maps discovered:
D:1:      dpeg_arrival_windows_large_door, layout_basic, minmay_small_reverse_x
D:2:      layout_basic, minmay_indecisive_spiral
D:3:      minmay_chambers_of_threes, layout_basic, palyth_temple_overflow_mages,
          minmay_overflow_temple_hex, fedhas_altar_3, serial_glass,
          glass_columns_c, glass_columns_c, glass_columns_a, glass_columns_c,
          serial_shops, nicolae_shop_rolled_up, minmay_misc_feat_iff

Skill      XL: |  1  2  3 |
---------------+----------+-----
Fighting       | 4 |  4.2
Shields        | 4 |  4.1
Armour         | 4 |  4.5
Axes           | 3 |  3.8
Dodging        | |  0.2

Action                     |  1- 3 |  4- 6 || total
---------------------------+-------+-------++-------
  Melee: War axe           |    79 |    31 ||   110
         Headbutt          |    11 |     9 ||    20
 Armour: Scale mail        |    58 |    19 ||    77
  Dodge: Dodged            |    40 |    19 ||    59
  Block: Buckler           |    17 |    11 ||    28

Table legend: (Time is in decaauts)
 A = Elapsed time spent in this place.
 B = Non-inter-level travel time spent in this place.
 C = Inter-level travel time spent in this place.
 D = Time resting spent in this place.
 E = Time spent auto-exploring this place.
 F = Levels seen in this place.
 G = Mean time per level.
                   A        B        C        D        E       F      G
               +--------+--------+--------+--------+--------+-----+--------+
         Total |   1453 |   1422 |     31 |      0 |   1105 |   3 |  484.3 |
       Dungeon |   1453 |   1422 |     31 |      0 |   1105 |   3 |  484.3 |
               +--------+--------+--------+--------+--------+-----+--------+

Top non-repeatable levels by time:
     D:1: 529 daAuts
     D:2: 472 daAuts
     D:3: 451 daAuts
